TOP OF THE 1ST |
Ogden Raptors batting - Pitching for Bristol Pirates : RHP Joe Simanton
|
Pitching: RHP Joe Simanton
|
|
Batting: RHB Pat Adams
|
0-0: Foul Ball, location: 2F 0-1: Ball 1-1: Fly out, F8 (Flyball, 8RD, EV 86.9 MPH)
|
Batting: LHB Stephen Van Raalte
|
0-0: Ball 1-0: Ball 2-0: Ball 3-0: Base on Balls
|
Batting: LHB Chris Buchan
|
0-0: Ball 1-0: Ball Wild Pitch! Stephen Van Raalte to second 2-0: Called Strike 2-1: Called Strike 2-2: Strikes out swinging
|
Batting: RHB Mike Plugge
|
0-0: Called Strike 0-1: Ball 1-1: Foul Ball, location: 2F 1-2: Foul Ball, location: 2F 1-2: Foul Ball, location: 2F 1-2: Strikes out swinging
|
Top of the 1st over - 0 runs, 0 hits, 0 errors, 1 left on base; Ogden 0 - Bristol 0 |
BOTTOM OF THE 1ST |
Bristol Pirates batting - Pitching for Ogden Raptors : RHP Gary Salazar
|
Pitching: RHP Gary Salazar
|
|
Batting: RHB Perry Dominey
|
0-0: Ball 1-0: Called Strike 1-1: Fly out, F9 (Flyball, 9LS, EV 85.0 MPH)
|
Batting: RHB Randy Bergman
|
0-0: Called Strike 0-1: Ball 1-1: Ball 2-1: Swinging Strike 2-2: TRIPLE (Flyball, 9LD, EV 103.8 MPH)
|
Batting: LHB Randy Boone
|
0-0: Ball 1-0: Fly out, F4 (Line Drive, 4, EV 68.8 MPH)
|
Batting: RHB Etsuro Hosokawa
|
0-0: Called Strike 0-1: Ball 1-1: Ball 2-1: Ball 3-1: Base on Balls
|
Batting: LHB Tomohiro Yokoyama
|
0-0: Foul Ball, location: 2F 0-1: Ball 1-1: Ball 2-1: Fly out, F9 (Flyball, 8RS, EV 78.8 MPH)
|
Bottom of the 1st over - 0 runs, 1 hit, 0 errors, 2 left on base; Ogden 0 - Bristol 0 |
TOP OF THE 2ND |
Ogden Raptors batting - Pitching for Bristol Pirates : RHP Joe Simanton
|
Batting: RHB David Watkins
|
0-0: DOUBLE (Line Drive, 7LM, EV 98.8 MPH)
|
Batting: RHB Djoka Subasic
|
0-0: Called Strike 0-1: Called Strike 0-2: Ball 1-2: Ball 2-2: Strikes out swinging
|
Batting: RHB Will Barksdale
|
0-0: Ball 1-0: Swinging Strike 1-1: Swinging Strike 1-2: Ball Wild Pitch! David Watkins to third 2-2: Ball 3-2: Strikes out looking
|
Pitching: LHP Norm Silveira-Wray
|
|
Batting: RHB John Hanson
|
0-0: Called Strike 0-1: Foul Ball, location: 2F 0-2: Ball 1-2: SINGLE (Groundball, 56D, EV 98.8 MPH) David Watkins scores
|
Batting: LHB Bryan Rouse
|
0-0: Called Strike 0-1: SINGLE (Groundball, 34D, EV 101.2 MPH) John Hanson to second Runner from 2nd tries for 3rd, SAFE, throw by RF made to third
|
Batting: RHB Pat Adams
|
0-0: Ball 1-0: Ball 2-0: DOUBLE (Flyball, 89D, EV 101.2 MPH) John Hanson scores Bryan Rouse to third
|
Batting: LHB Stephen Van Raalte
|
0-0: Ball 1-0: Ball Passed Ball! Bryan Rouse scores Pat Adams to third 2-0: Ball 3-0: Called Strike 3-1: Swinging Strike 3-2: Foul Ball, location: 2F 3-2: Ground out 4-3 (Groundball, 4, EV 75.6 MPH)
|
Top of the 2nd over - 3 runs, 4 hits, 0 errors, 1 left on base; Ogden 3 - Bristol 0 |
BOTTOM OF THE 2ND |
Bristol Pirates batting - Pitching for Ogden Raptors : RHP Gary Salazar
|
Batting: RHB Jaime Dubicki
|
0-0: Swinging Strike 0-1: Ball 1-1: SINGLE (Line Drive, 6MD, EV 105.0 MPH)
|
Batting: LHB Ruben Garza
|
0-0: Called Strike 0-1: Foul Ball, location: 2F 0-2: Fielders Choice at 2nd, 4-6 (Groundball, 4, EV 84.4 MPH)
|
Batting: RHB Andrew DeRicco
|
0-0: Ball 1-0: Foul Ball, location: 2F 1-1: Foul Ball, location: 2F 1-2: Fly out, F8 (Flyball, 89D, EV 80.0 MPH)
|
Batting: RHB Rob Colley
|
0-0: Ball 1-0: Ball 2-0: Ball 3-0: Called Strike 3-1: Fly out, F3 (Popup, 3SF, EV 85.0 MPH)
|
Bottom of the 2nd over - 0 runs, 1 hit, 0 errors, 1 left on base; Ogden 3 - Bristol 0 |
TOP OF THE 3RD |
Ogden Raptors batting - Pitching for Bristol Pirates : LHP Norm Silveira-Wray
|
Batting: LHB Chris Buchan
|
0-0: Called Strike 0-1: Ball 1-1: Ball 2-1: Ball 3-1: Fly out, F8 (Flyball, 8RM, EV 96.9 MPH)
|
Batting: RHB Mike Plugge
|
0-0: Foul Ball, location: 2F 0-1: Swinging Strike 0-2: Foul Ball, location: 2F 0-2: Fly out, F8 (Flyball, 78S, EV 82.5 MPH)
|
Batting: RHB David Watkins
|
0-0: Foul Ball, location: 2F 0-1: Ball 1-1: Called Strike 1-2: Strikes out swinging
|
Top of the 3rd over - 0 runs, 0 hits, 0 errors, 0 left on base; Ogden 3 - Bristol 0 |
BOTTOM OF THE 3RD |
Bristol Pirates batting - Pitching for Ogden Raptors : RHP Gary Salazar
|
Batting: RHB Perry Dominey
|
0-0: Called Strike 0-1: Ball 1-1: Ball 2-1: Ball 3-1: Swinging Strike 3-2: Base on Balls
|
Batting: RHB Randy Bergman
|
0-0: Called Strike Perry Dominey steals 2nd base (no throw) 0-1: Foul Ball, location: 2F 0-2: Ground out 6-3 (Groundball, 6, EV 86.2 MPH) Perry Dominey to third
|
Batting: LHB Randy Boone
|
0-0: Called Strike 0-1: Called Strike 0-2: Ground out U3 (Groundball, 34S, EV 88.8 MPH) Perry Dominey scores
|
Batting: RHB Etsuro Hosokawa
|
0-0: Called Strike 0-1: DOUBLE (Groundball, 5L, EV 97.5 MPH)
|
Batting: LHB Tomohiro Yokoyama
|
0-0: Ball 1-0: Foul Ball, location: 2F 1-1: DOUBLE (Line Drive, 5D, EV 98.8 MPH) Etsuro Hosokawa scores
|
Batting: RHB Jaime Dubicki
|
0-0: Called Strike 0-1: Ground out 6-3 (Groundball, 6S, EV 78.1 MPH)
|
Bottom of the 3rd over - 2 runs, 2 hits, 0 errors, 1 left on base; Ogden 3 - Bristol 2 |
TOP OF THE 4TH |
Ogden Raptors batting - Pitching for Bristol Pirates : LHP Norm Silveira-Wray
|
Batting: RHB Djoka Subasic
|
0-0: Called Strike 0-1: Ground out 6-3 (Groundball, 6, EV 84.4 MPH)
|
Batting: RHB Will Barksdale
|
0-0: Ball 1-0: Called Strike 1-1: Foul Ball, location: 2F 1-2: Foul Ball, location: 2F 1-2: SINGLE (Line Drive, 8LS, EV 96.2 MPH)
|
Batting: RHB John Hanson
|
0-0: Ball 1-0: Called Strike 1-1: Called Strike 1-2: Strikes out swinging
|
Batting: LHB Bryan Rouse
|
0-0: Called Strike 0-1: Ball 1-1: Swinging Strike 1-2: Ball 2-2: Strikes out swinging
|
Top of the 4th over - 0 runs, 1 hit, 0 errors, 1 left on base; Ogden 3 - Bristol 2 |
BOTTOM OF THE 4TH |
Bristol Pirates batting - Pitching for Ogden Raptors : RHP Gary Salazar
|
Batting: LHB Ruben Garza
|
0-0: Ball 1-0: Ball 2-0: Called Strike 2-1: Swinging Strike 2-2: Ball 3-2: Foul Ball, location: 2F 3-2: Base on Balls
|
Batting: RHB Andrew DeRicco
|
0-0: Called Strike 0-1: Foul Ball, location: 2F 0-2: Foul Ball, location: 2F 0-2: Ball 1-2: Ball 2-2: Strikes out looking
|
Batting: RHB Rob Colley
|
0-0: Ball 1-0: Ball Ruben Garza is caught stealing 2nd base 2-4 2-0: Foul Ball, location: 2F 2-1: Foul Ball, location: 2F 2-2: Ball 3-2: Fly out, F3 (Popup, 3F, EV 58.1 MPH)
|
Bottom of the 4th over - 0 runs, 0 hits, 0 errors, 0 left on base; Ogden 3 - Bristol 2 |
TOP OF THE 5TH |
Ogden Raptors batting - Pitching for Bristol Pirates : LHP Norm Silveira-Wray
|
Batting: RHB Pat Adams
|
0-0: Ball 1-0: Swinging Strike 1-1: Ball 2-1: Swinging Strike 2-2: Foul Ball, location: 2F 2-2: SOLO HOME RUN (Line Drive, 7LD, EV 97.5 MPH), Distance : 349 ft
|
Batting: LHB Stephen Van Raalte
|
0-0: SINGLE (Groundball, 34D, EV 102.5 MPH)
|
Batting: LHB Chris Buchan
|
0-0: Ball 1-0: Ball 2-0: Foul Ball, location: 2F 2-1: Swinging Strike 2-2: Ball 3-2: Grounds into double play, 4-6-3 (Groundball, 4, EV 91.2 MPH)
|
Batting: RHB Mike Plugge
|
0-0: Ball 1-0: Called Strike 1-1: Ball 2-1: Called Strike 2-2: Ball 3-2: SOLO HOME RUN (Flyball, 7LD, EV 96.9 MPH), Distance : 344 ft
|
Pitching: RHP Gilberto Victoria
|
|
Batting: RHB David Watkins
|
0-0: Called Strike 0-1: Ball 1-1: Fly out, F8 (Flyball, 8RM, EV 93.1 MPH)
|
Top of the 5th over - 2 runs, 3 hits, 0 errors, 0 left on base; Ogden 5 - Bristol 2 |
BOTTOM OF THE 5TH |
Bristol Pirates batting - Pitching for Ogden Raptors : RHP Gary Salazar
|
Batting: RHB Perry Dominey
|
0-0: Ball 1-0: Swinging Strike 1-1: Foul Ball, location: 2F 1-2: Ball 2-2: Strikes out swinging
|
Batting: RHB Randy Bergman
|
0-0: Ball 1-0: Called Strike 1-1: Foul Ball, location: 2F 1-2: SOLO HOME RUN (Flyball, 89XD, EV 104.4 MPH), Distance : 384 ft
|
Batting: LHB Randy Boone
|
0-0: Ball 1-0: Foul Ball, location: 2F 1-1: DOUBLE (Groundball, 3L, EV 108.1 MPH)
|
Pitching: RHP Victor Delgado
|
|
Batting: RHB Etsuro Hosokawa
|
0-0: Called Strike 0-1: Ball 1-1: Foul Ball, location: 2F 1-2: Ball 2-2: Ball 3-2: Base on Balls
|
Batting: LHB Tomohiro Yokoyama
|
0-0: Ball 1-0: Ball 2-0: Ball 3-0: Called Strike 3-1: Called Strike 3-2: Strikes out swinging Randy Boone steals 3rd base Batter strikes out. Etsuro Hosokawa to second
|
Batting: RHB Jaime Dubicki
|
0-0: Called Strike 0-1: Ball 1-1: SINGLE (Line Drive, 9S, EV 101.9 MPH) Randy Boone scores Etsuro Hosokawa to third Runner from 3rd tries for Home, SAFE, throw by RF to home Jaime Dubicki to second
|
Batting: LHB Ruben Garza
|
0-0: Ball 1-0: Ball 2-0: Ball 3-0: Base on Balls
|
Pitching: RHP Jeff Lewis
|
|
Batting: RHB Andrew DeRicco
|
0-0: Ball 1-0: SINGLE (Flyball, 8LS, EV 94.4 MPH) Jaime Dubicki to third Ruben Garza to second Runner from 3rd tries for Home, throw by CF and OUT! 8-2
|
Bottom of the 5th over - 3 runs, 4 hits, 0 errors, 2 left on base; Ogden 5 - Bristol 5 |
TOP OF THE 6TH |
Ogden Raptors batting - Pitching for Bristol Pirates : RHP Gilberto Victoria
|
Batting: RHB Djoka Subasic
|
0-0: Ball 1-0: Ground out 5-3 (Groundball, 56, EV 84.4 MPH)
|
Batting: RHB Will Barksdale
|
0-0: Ball 1-0: Ball 2-0: Ball 3-0: Called Strike 3-1: Ground out 4-3 (Groundball, 4, EV 106.2 MPH)
|
Batting: RHB John Hanson
|
0-0: SINGLE (Groundball, 34D, EV 97.5 MPH)
|
Batting: LHB Bryan Rouse
|
0-0: SINGLE (Groundball, 4MD, EV 104.4 MPH) John Hanson to second Runner from 2nd tries for 3rd, SAFE, throw by CF made to third
|
Batting: RHB Pat Adams
|
0-0: Fly out, F9 (Line Drive, 9LM, EV 113.1 MPH)
|
Top of the 6th over - 0 runs, 2 hits, 0 errors, 2 left on base; Ogden 5 - Bristol 5 |
BOTTOM OF THE 6TH |
Bristol Pirates batting - Pitching for Ogden Raptors : RHP Jeff Lewis
|
Pinch Hitting: LHB Joe Wise
|
0-0: Swinging Strike 0-1: Swinging Strike 0-2: Foul Ball, location: 2F 0-2: Ball 1-2: Strikes out swinging
|
Batting: RHB Perry Dominey
|
0-0: Ball 1-0: Called Strike 1-1: Foul Ball, location: 2F 1-2: Ball 2-2: Ball 3-2: Foul Ball, location: 2F 3-2: Foul Ball, location: 2F 3-2: Base on Balls
|
Batting: RHB Randy Bergman
|
0-0: Ball Perry Dominey is caught stealing 2nd base 2-4 1-0: Called Strike 1-1: Swinging Strike 1-2: DOUBLE (Flyball, 89XD, EV 108.1 MPH)
|
Pitching: RHP Ramon Luna
|
|
Batting: LHB Randy Boone
|
0-0: Called Strike 0-1: Called Strike 0-2: Foul Ball, location: 2F 0-2: SINGLE (Groundball, 13, EV 80.0 MPH) (infield hit) Randy Bergman to third
|
Batting: RHB Etsuro Hosokawa
|
0-0: Called Strike 0-1: Called Strike 0-2: Ball 1-2: Foul Ball, location: 2F 1-2: Strikes out swinging
|
Bottom of the 6th over - 0 runs, 2 hits, 0 errors, 2 left on base; Ogden 5 - Bristol 5 |
TOP OF THE 7TH |
Ogden Raptors batting - Pitching for Bristol Pirates : RHP Gilberto Victoria
|
Now at SS: Pete Hutton
|
|
Batting: LHB Stephen Van Raalte
|
0-0: Ball 1-0: Foul Ball, location: 2F 1-1: Foul Ball, location: 2F 1-2: Ball 2-2: Ball 3-2: Ground out U3 (Groundball, 34, EV 92.5 MPH)
|
Batting: LHB Chris Buchan
|
0-0: Ball 1-0: Called Strike 1-1: Foul Ball, location: 2F 1-2: DOUBLE (Line Drive, 9LD, EV 110.0 MPH)
|
Batting: RHB Mike Plugge
|
0-0: Intentional Walk
|
Batting: RHB David Watkins
|
0-0: Ball 1-0: Ball Wild Pitch! Chris Buchan to third Mike Plugge to second 2-0: Intentional Walk
|
Batting: RHB Djoka Subasic
|
0-0: Swinging Strike 0-1: Ball Wild Pitch! Chris Buchan scores Mike Plugge to third David Watkins to second 1-1: Reached on error, E5 (Groundball, 56, EV 88.1 MPH) Mike Plugge scores David Watkins to third
|
Batting: RHB Will Barksdale
|
0-0: Ball Wild Pitch! David Watkins scores Djoka Subasic to second 1-0: Ball 2-0: Ball 3-0: Called Strike 3-1: Swinging Strike 3-2: Base on Balls
|
Batting: RHB John Hanson
|
0-0: Ball 1-0: SINGLE (Groundball, 6MD, EV 102.5 MPH) Djoka Subasic to third Will Barksdale to second
|
Batting: LHB Bryan Rouse
|
0-0: Ball Wild Pitch! Djoka Subasic scores Will Barksdale to third John Hanson to second 1-0: SINGLE (Line Drive, 7S, EV 93.1 MPH) Will Barksdale scores John Hanson to third
|
Batting: RHB Pat Adams
|
0-0: Ball 1-0: SINGLE (Line Drive, 9S, EV 95.0 MPH) John Hanson scores Bryan Rouse to second Runner from 2nd tries for 3rd, SAFE, throw by RF made to third
|
Batting: LHB Stephen Van Raalte
|
0-0: Ball Pat Adams steals 2nd base 1-0: Ball 2-0: Ball 3-0: Base on Balls
|
Batting: LHB Chris Buchan
|
0-0: Swinging Strike 0-1: Ball 1-1: Ball 2-1: Ball 3-1: DOUBLE (Groundball, 3L, EV 108.8 MPH) Bryan Rouse scores Pat Adams scores Stephen Van Raalte to third
|
Pitching: RHP George Sechler
|
|
Batting: RHB Mike Plugge
|
0-0: Ball 1-0: Called Strike 1-1: Ball 2-1: Swinging Strike 2-2: Ground out 5-3 (Groundball, 56S, EV 83.8 MPH) Stephen Van Raalte scores
|
Batting: RHB David Watkins
|
0-0: Called Strike 0-1: Ball 1-1: Ball 2-1: Foul Ball, location: 2F 2-2: Ball 3-2: Base on Balls
|
Batting: RHB Djoka Subasic
|
0-0: Called Strike 0-1: Foul Ball, location: 2F 0-2: Foul Ball, location: 2F 0-2: Strikes out looking
|
Top of the 7th over - 9 runs, 5 hits, 1 error, 2 left on base; Ogden 14 - Bristol 5 |
BOTTOM OF THE 7TH |
Bristol Pirates batting - Pitching for Ogden Raptors : RHP Ramon Luna
|
Batting: LHB Tomohiro Yokoyama
|
0-0: Ground out 5-3 (Groundball, 56, EV 79.4 MPH)
|
Batting: RHB Jaime Dubicki
|
0-0: Ball 1-0: Foul Ball, location: 2F 1-1: SINGLE (Groundball, 56D, EV 95.0 MPH)
|
Batting: LHB Ruben Garza
|
0-0: Ball 1-0: Ball 2-0: Called Strike 2-1: Ball 3-1: Base on Balls Jaime Dubicki to second
|
Pitching: RHP Kevin Fleming
|
|
Batting: RHB Andrew DeRicco
|
0-0: Called Strike 0-1: Foul Ball, location: 2F 0-2: Ball 1-2: Ball 2-2: Foul Ball, location: 2F 2-2: Foul Ball, location: 2F 2-2: Ball 3-2: Foul Ball, location: 2F 3-2: Base on Balls Jaime Dubicki to third Ruben Garza to second
|
Batting: RHB Pete Hutton
|
0-0: Ball 1-0: Foul Ball, location: 2F 1-1: Ball 2-1: SINGLE (Line Drive, 6M, EV 101.9 MPH) Jaime Dubicki scores Ruben Garza to third Andrew DeRicco to second
|
Batting: RHB Perry Dominey
|
0-0: Ball 1-0: Ball 2-0: Foul Ball, location: 2F 2-1: Foul Ball, location: 2F 2-2: TRIPLE (Line Drive, 89XD, EV 110.0 MPH) Ruben Garza scores Andrew DeRicco scores Pete Hutton scores
|
Batting: RHB Randy Bergman
|
0-0: Ball 1-0: Called Strike 1-1: Fly out, F8 (Flyball, 8LM, EV 90.6 MPH) Runner from 3rd tags up, SCORES, throw by CF
|
Batting: LHB Randy Boone
|
0-0: Called Strike 0-1: Ball 1-1: Ball 2-1: Ground out 1-3 (Groundball, 13S, EV 71.9 MPH)
|
Bottom of the 7th over - 5 runs, 3 hits, 0 errors, 0 left on base; Ogden 14 - Bristol 10 |
TOP OF THE 8TH |
Ogden Raptors batting - Pitching for Bristol Pirates : RHP George Sechler
|
Batting: RHB Will Barksdale
|
0-0: Ball 1-0: Ball 2-0: Foul Ball, location: 2F 2-1: Called Strike 2-2: Foul Ball, location: 2F 2-2: Foul Ball, location: 2F 2-2: Strikes out swinging
|
Batting: RHB John Hanson
|
0-0: Ball 1-0: Ball 2-0: Swinging Strike 2-1: Ball 3-1: Called Strike 3-2: Base on Balls
|
Batting: LHB Bryan Rouse
|
0-0: Ball 1-0: Called Strike 1-1: Ball 2-1: Called Strike 2-2: Ball 3-2: Strikes out swinging
|
Batting: RHB Pat Adams
|
0-0: Called Strike 0-1: Foul Ball, location: 2F 0-2: Ball 1-2: Foul Ball, location: 2F 1-2: Ball 2-2: Ball Passed Ball! John Hanson to second 3-2: Strikes out swinging
|
Top of the 8th over - 0 runs, 0 hits, 0 errors, 1 left on base; Ogden 14 - Bristol 10 |
BOTTOM OF THE 8TH |
Bristol Pirates batting - Pitching for Ogden Raptors : RHP Kevin Fleming
|
Batting: RHB Etsuro Hosokawa
|
0-0: Ball 1-0: Ball 2-0: Ball 3-0: Base on Balls
|
Batting: LHB Tomohiro Yokoyama
|
0-0: Called Strike 0-1: Foul Ball, location: 2F 0-2: Ball 1-2: Grounds into double play, 4-6-3 (Groundball, 4, EV 86.2 MPH)
|
Batting: RHB Jaime Dubicki
|
0-0: Called Strike 0-1: Ground out 6-3 (Groundball, 56D, EV 84.4 MPH)
|
Bottom of the 8th over - 0 runs, 0 hits, 0 errors, 0 left on base; Ogden 14 - Bristol 10 |
TOP OF THE 9TH |
Ogden Raptors batting - Pitching for Bristol Pirates : RHP George Sechler
|
Batting: LHB Stephen Van Raalte
|
0-0: Ball 1-0: Ball 2-0: Swinging Strike 2-1: Foul Ball, location: 2F 2-2: Foul Ball, location: 2F 2-2: Ball 3-2: Base on Balls
|
Batting: LHB Chris Buchan
|
0-0: Ball Passed Ball! Stephen Van Raalte to second 1-0: Ball 2-0: DOUBLE (Line Drive, 9LM, EV 103.8 MPH) Stephen Van Raalte scores
|
Batting: RHB Mike Plugge
|
0-0: Foul Ball, location: 2F 0-1: Ball 1-1: SINGLE (Groundball, 6MD, EV 101.9 MPH) Chris Buchan to third Runner from 3rd tries for Home, SAFE, throw by CF to home Mike Plugge to second
|
Batting: RHB David Watkins
|
0-0: Ball 1-0: Ball 2-0: Called Strike 2-1: Ball 3-1: Foul Ball, location: 2F 3-2: Base on Balls
|
Batting: RHB Djoka Subasic
|
0-0: Ball 1-0: Foul Ball, location: 2F 1-1: Ball 2-1: Ball 3-1: DOUBLE (Flyball, 8LD, EV 93.1 MPH) Mike Plugge scores David Watkins to third
|
Batting: RHB Will Barksdale
|
0-0: Ball 1-0: Ground out 5-3 (Groundball, 56S, EV 87.5 MPH) David Watkins scores
|
Batting: RHB John Hanson
|
0-0: Foul Ball, location: 2F 0-1: Called Strike 0-2: Strikes out swinging
|
Batting: LHB Bryan Rouse
|
0-0: Called Strike 0-1: Called Strike 0-2: Ball 1-2: Ball 2-2: Strikes out looking
|
Top of the 9th over - 4 runs, 3 hits, 0 errors, 1 left on base; Ogden 18 - Bristol 10 |
BOTTOM OF THE 9TH |
Bristol Pirates batting - Pitching for Ogden Raptors : RHP Kevin Fleming
|
Batting: LHB Ruben Garza
|
0-0: Called Strike 0-1: Ball 1-1: Ball 2-1: Ball 3-1: Foul Ball, location: 2F 3-2: Base on Balls
|
Batting: RHB Andrew DeRicco
|
0-0: Ball 1-0: Ball 2-0: Called Strike 2-1: Swinging Strike 2-2: Ball 3-2: Foul Ball, location: 2F 3-2: Base on Balls Ruben Garza to second
|
Batting: RHB Pete Hutton
|
0-0: Ball 1-0: Ball 2-0: Ball 3-0: Called Strike 3-1: Called Strike 3-2: DOUBLE (Groundball, 5L, EV 93.8 MPH) Ruben Garza scores Andrew DeRicco to third
|
Batting: RHB Perry Dominey
|
0-0: Ball 1-0: Swinging Strike 1-1: Called Strike 1-2: Fly out, F9 (Flyball, 9, EV 91.2 MPH)
|
Batting: RHB Randy Bergman
|
0-0: Ball 1-0: Ball 2-0: Ball 3-0: Base on Balls
|
Pitching: RHP Chris Hodge
|
|
Batting: LHB Randy Boone
|
0-0: Hit by Pitch Andrew DeRicco scores Pete Hutton to third Randy Bergman to second
|
Batting: RHB Etsuro Hosokawa
|
0-0: Foul Ball, location: 2F 0-1: Ball 1-1: Called Strike 1-2: Strikes out swinging
|
Batting: LHB Tomohiro Yokoyama
|
0-0: Ball 1-0: Called Strike 1-1: Ball 2-1: Ball 3-1: Base on Balls Pete Hutton scores Randy Bergman to third Randy Boone to second
|
Batting: RHB Jaime Dubicki
|
0-0: Ball 1-0: Ball 2-0: Foul Ball, location: 2F 2-1: Swinging Strike 2-2: Ball 3-2: Strikes out swinging
|
Bottom of the 9th over - 3 runs, 1 hit, 0 errors, 3 left on base; Ogden 18 - Bristol 13 |
|